 Dungeon Crawl Stone Soup version 0.18-a0-1637-g109f206 (webtiles) character file.

81 syage the Covered (level 4, 0/41 HPs)
             Began as a Minotaur Fighter on Mar 26, 2016.
             Killed from afar by miau's ghost (8 damage)
             ... with a magic dart
             ... on level 3 of the Dungeon.
             The game lasted 00:04:16 (1645 turns).

syage the Covered (Minotaur Fighter)                Turns: 1645, Time: 00:04:17

Health: 0/41       AC:  8    Str: 21    XL:     4   Next: 19%
Magic:  3/3        EV:  7    Int:  5    God:
Gold:   79         SH:  9    Dex: 10    Spells: 0 memorised, 3 levels left

rFire  + . .     SeeInvis .     a - +0 war axe
rCold  x . .     Gourm    .     b - +0 scale mail
rNeg   . . .     Faith    .     c - +0 shield
rPois  .         Spirit   .     (helmet restricted)
rElec  .         Dismiss  .     n - +0 cloak
rCorr  .         Reflect  .     (no gloves)
SustAt .         Harm     .     (no boots)
MR     .....                    (no amulet)
Stlth  ..........               (no ring)
                                v - ring of fire (curse)

@: not resistant to hostile enchantments, extremely unstealthy
A: retaliatory headbutt, horns 2
a: no special abilities


You were on level 3 of the Dungeon.
You were hungry.

You visited 1 branch of the dungeon, and saw 3 of its levels.

You collected 79 gold pieces.

Inventory:

Hand Weapons
 a - a +0 war axe (weapon)
Missiles
 e - 4 exploding tomahawks (quivered)
Armour
 b - a +0 scale mail (worn)
 c - a +0 shield (worn)
 n - a +0 cloak (worn)
Jewellery
 v - a cursed ring of fire (left hand)
Scrolls
 i - 3 scrolls of identify {unknown}
 j - a scroll of teleportation {unknown}
 k - a scroll of fog {unknown}
 l - a scroll of random uselessness {unknown}
 q - a scroll of immolation {unknown}
 s - a scroll of fear {unknown}
 t - a scroll of remove curse {unknown}
Potions
 d - a potion of might
 h - a potion of lignification {unknown}
 m - 2 potions of curing {unknown}
 o - a potion of ambrosia {unknown}
 p - 2 potions of heal wounds {unknown}
 u - a potion of flight {unknown}
 w - a potion of brilliance {unknown}
Comestibles
 f - 2 bread rations
 g - 2 meat rations
 r - a fruit


   Skills:
 + Level 4.3 Fighting
 * Level 3.5 Axes
 + Level 4.7 Armour
 - Level 3.9 Shields


You had 3 spell levels left.
You didn't know any spells.

Dungeon Overview and Level Annotations

Branches:
Dungeon (3/15)

Altars:
Trog

Annotations:
D:3 miau's ghost, weakling FeCj


Innate Abilities, Weirdness & Mutations

You reflexively headbutt those who attack you in melee.
You have a pair of horns on your head.


Message History

Miau's ghost is heavily damaged.
Miau's ghost casts a spell at you. The magic dart hits you!
Miau's ghost mispronounces a nearly unspeakable incantation.
Miau's ghost hits you but does no damage.
You miss miau's ghost.
Miau's ghost is heavily damaged.
You block miau's ghost's attack.
You miss miau's ghost.
Miau's ghost is heavily damaged.
Miau's ghost barely misses you.
You closely miss miau's ghost.
Miau's ghost is heavily damaged.
Miau's ghost hits you. x2
* * * LOW HITPOINT WARNING * * *
You barely miss miau's ghost.
Miau's ghost is heavily damaged.
Miau's ghost stares at you and mumbles some strange words.
The magic dart hits you!
You die...

....#.#
.......#
###.#.#
#......# #.#
#.#.# #......#
#.# #.#.#
#......# #.#
#.#.# #......#
#.# #.#.#
#.###......#
#.# #.#.#
#.........# #.#
#.#.#
#######W#######
#.# #.#.#
#.@......# #<#
###.#.#
#........###
#.# ..#.#.#
#...........
#.# #.#.#.#
##......(.##
#.# #.#.#.#
#............
#.# ..#.#.#
#.##########.
#.# ###.#.# #.#
###########.#
....#.# #.#
#...........#
#####.# #.#
#.###########


You could see miau's ghost.

Vanquished Creatures
  2 adders (D:2)
  An ooze (D:3)
  2 worms (D:2)
  2 giant geckos (D:2)
  4 bats
  2 giant cockroaches (D:1)
  5 goblins
  5 hobgoblins (D:1)
  6 jackals
  5 kobolds
  2 quokkas (D:2)
  A ball python (D:1)
  3 giant newts
  7 rats
47 creatures vanquished.

Notes
Turn   | Place    | Note
--------------------------------------------------------------
     0 | D:1      | syage the Minotaur Fighter began the quest for the Orb.
     0 | D:1      | Reached XP level 1. HP: 19/19 MP: 0/0
   127 | D:1      | You fall through a shaft!
   144 | D:1      | Reached XP level 2. HP: 24/27 MP: 1/1
   796 | D:2      | Reached XP level 3. HP: 29/33 MP: 2/2
  1046 | D:2      | Found a bloodstained altar of Trog.
  1081 | D:2      | Reached XP level 4. HP: 40/40 MP: 3/3
  1613 | D:3      | Noticed miau's ghost (weakling FeCj)
  1645 | D:3      | Killed from afar by miau's ghost

Vault maps used:
D:1:      dpeg_arrival_three_same_balls
D:2:      trog_book
D:3:      minmay_misc_feat_doors, grunt_ministairs_1, uniq_purgy

Skill      XL: |  1  2  3 |
---------------+----------+-----
Armour         | 4 |  4.7
Axes           | 3 |  3.5
Fighting       | 4 |  4.3
Shields        | |  3.9

Action                   |  1- 3 |  4- 6 || total
-------------------------+-------+-------++-------
Melee: War axe           |    93 |    48 ||   141
Throw: Tomahawk          |       |     2 ||     2
  Eat: Chunk             |     1 |     1 ||     2
